AoeStats
← EdadCoñal

Arena

508083373Analyzed
2v2 RM · 11d ago on Sep 20, 2026· 64m 32s· 4 players
Game mode
Random Map
Map size
Medium (4 player)
Population
200
Speed
Normal
Resources
Standard
Victory
Conquest
Starting age
Dark Age
Ending age
Imperial Age
RankedLock teamsTeams togetherTeam positionsShared explorationLock speedFull tech treeHidden civsTurbo modeCheats
Victory
Defeat
🇧🇷 Chinese · Brazil
751
+17
🇧🇷 Franks · Brazil
714
+18
🇪🇸 Persians · Spain
784
-18
🇪🇸 Bulgarians · Spain
745
-17
TERRORGAMER2141___
13:09 Feudal Age
13:46 Double-Bit Axe
17:12 Gold Mining
17:13 Stone Mining
20:55 Castle Age
22:21 Bow Saw
23:28 Gold Shaft Mining
24:13 Pikeman
24:56 Squires
25:48 Wheelbarrow
25:59 Forging
26:00 Scale Mail Armor
26:07 Scale Barding Armor
26:44 Hand Cart
26:46 Caravan
28:09 Iron Casting
27:50 Chain Mail Armor
28:35 Chain Barding Armor
34:32 #83
36:55 Imperial Age
37:59 Conscription
37:02 Elite Throwing Axeman
39:01 Blast Furnace
38:32 Plate Mail Armor
38:38 Plate Barding Armor
37:27 Halberdier
38:29 Husbandry
37:51 Cavalier
38:41 Chivalry
39:37 Paladin
45:56 Padded Archer Armor
50:12 Leather Archer Armor
50:21 Leather Archer Armor
52:03 Arson
52:22 Town Watch
Serabion12
12:42 Feudal Age
13:48 Horse Collar
13:57 Double-Bit Axe
14:18 Loom
15:16 Wheelbarrow
16:49 Gold Mining
19:46 Castle Age
20:15 Elite Skirmisher
22:33 Bow Saw
22:27 Heavy Plow
22:21 Stone Mining
24:15 Gold Shaft Mining
24:15 Stone Shaft Mining
25:08 Padded Archer Armor
25:00 Fletching
26:51 Leather Archer Armor
26:32 Bodkin Arrow
26:25 Crossbowman
27:11 Thumb Ring
30:15 Caravan
30:45 Coinage
30:07 Town Watch
30:58 Wheelbarrow
33:19 Pikeman
35:21 Hand Cart
38:38 Scale Mail Armor
38:49 Forging
41:13 Imperial Age
43:45 Banking
43:20 Arbalester
43:48 Halberdier
45:55 Two-Man Saw
46:20 Ring Archer Armor
45:51 Bracer
46:27 Iron Casting
46:08 Chain Mail Armor
58:46 Blast Furnace
58:17 Plate Mail Armor
57:51 Squires
EdadCoñal
8:53 Loom
11:20 Feudal Age
12:25 Horse Collar
17:02 Castle Age
16:21 Double-Bit Axe
16:30 Gold Mining
16:35 Stone Mining
18:47 Wheelbarrow
17:58 Town Watch
18:39 Caravan
23:00 Forging
23:27 Heavy Plow
27:44 Scale Barding Armor
28:16 Iron Casting
28:07 Hand Cart
28:31 Bow Saw
29:53 Gold Shaft Mining
29:58 Stone Shaft Mining
32:14 Husbandry
34:55 Iron Casting
34:26 Scale Barding Armor
35:57 Chain Barding Armor
40:38 Imperial Age
38:16 Town Patrol
41:16 Conscription
40:26 Cavalier
41:18 Bloodlines
42:13 Chemistry
42:19 Blast Furnace
41:55 Plate Barding Armor
41:32 Heavy Camel Rider
46:02 Crop Rotation
52:51 Ballistics
53:33 Chemistry
52:34 Pikeman
53:17 Squires
53:19 Halberdier
53:48 Gambesons
La Polla Persa
12:18 Feudal Age
12:43 Horse Collar
12:52 Double-Bit Axe
22:06 Castle Age
20:53 Gold Mining
20:57 Stone Mining
23:27 Bow Saw
24:24 Forging
24:20 Scale Barding Armor
24:23 Heavy Plow
27:49 Wheelbarrow
28:50 Town Watch
29:48 Hand Cart
36:48 Imperial Age
34:20 Town Patrol
38:11 Conscription
37:16 Elite Konnik
39:14 Town Patrol
39:22 Caravan
40:35 Bagains
41:24 Gold Shaft Mining
42:31 Iron Casting
42:16 Chain Barding Armor
42:57 Onager
44:56 Blast Furnace
43:57 Scale Mail Armor
44:32 Plate Barding Armor
44:13 Stirrups
52:38 Pikeman
53:21 Squires
53:07 Gambesons
53:42 Chain Mail Armor
54:36 Halberdier
63:04 Arson
Connection lost

Rejoining the realm…

Still unreachable

The connection could not be restored.

Session expired

The server has moved on; the page needs a fresh start.